 Dungeon Crawl Stone Soup version 0.20.1-1-g8b1a95d (webtiles) character file.

66525 Jannitor the Nimble (level 14, -5/90 HPs)
             Began as a Deep Elf Enchanter on Aug 28, 2017.
             Was a Follower of Uskayaw.
             Slain by a four-headed hydra (11 damage)
             ... on level 6 of the Lair of Beasts.
             The game lasted 01:07:44 (26853 turns).

Jannitor the Nimble (Deep Elf Enchanter)           Turns: 26853, Time: 01:07:46

Health: -5/90      AC:  7    Str:  7    XL:     14   Next: 79%
Magic:  14/31      EV: 21    Int: 26    God:    Uskayaw [*.....]
Gold:   737        SH: 14    Dex: 19    Spells: 23/35 levels left

rFire    + + .     SeeInvis +   L - +8 dagger "Zoac" {speed, rPois rC+ Dex+4 SInv}
rCold    + + +     Gourm    .   W - +0 buckler
rNeg     + . .     Faith    .   f - +3 leather armour {MR+}
rPois    +         Spirit   .   A - -2 hat of the Alchemist {rElec rPois rF+ rC+ rN+ MR+ rMut rCorr}
rElec    +         Reflect  +   J - scarf {rC+ rF+}
rCorr    +         Harm     .   (no gloves)
rMut     +                      l - +0 pair of boots
MR       +++..                  D - +4 amulet of reflection
Stlth    ++++++....             C - ring of ice
Regen    0.0/turn               r - ring of stealth
MPRegen  0.3/turn

@: no status effects
A: large bone plates 1, molten scales 1, fire resistance 1, inhibited
regeneration, strong 1
a: Stomp, Renounce Religion


You were on level 6 of the Lair of Beasts.
You worshipped Uskayaw.
Uskayaw was aware of your devotion.
You were hungry.

You visited 4 branches of the dungeon, and saw 19 of its levels.

You collected 2080 gold pieces.
You spent 1343 gold pieces at shops.

Inventory:

Hand Weapons
 a - a +1 dagger
 y - a +2 vampiric dagger
 B - a +1 dagger of electrocution
 L - the +8 dagger "Zoac" (weapon) {speed, rPois rC+ Dex+4 SInv}
   (You bought it in a shop on level 4 of the Dungeon)

   Attacks with this weapon are significantly faster.
   It affects your dexterity (+4).
   It protects you from cold.
   It protects you from poison.
   It lets you see invisible.
Armour
 f - a +3 leather armour of magic resistance (worn)
 l - a +0 pair of boots (worn)
 A - the -2 hat of the Alchemist (worn) {rElec rPois rF+ rC+ rN+ MR+ rMut rCorr}
   (You bought it in a shop on level 4 of the Dungeon)

   It protects you from fire.
   It protects you from cold.
   It insulates you from electricity.
   It protects you from poison.
   It protects you from negative energy.
   It affects your resistance to hostile enchantments.
   It protects you from acid and corrosion.
   It protects you from mutation.
 J - a scarf of resistance (worn)
 Q - a +2 robe of positive energy
 W - a +0 buckler (worn)
Jewellery
 c - an uncursed ring of protection from magic {unknown}
 r - a ring of stealth (right hand)
 C - a ring of ice (left hand)
 D - a +4 amulet of reflection (around neck)
 M - an uncursed amulet of harm
 U - an uncursed ring of protection from fire
Wands
 e - a wand of paralysis (11/24)
 H - a wand of acid (15/15)
 N - a wand of acid (8/15)
Scrolls
 b - a scroll of holy word
 g - 2 scrolls of recharging
 i - 5 scrolls of magic mapping
 n - 3 scrolls of identify
 p - a scroll of teleportation
 s - a scroll of fog
 u - 9 scrolls of remove curse
 w - 5 scrolls of amnesia
 E - 2 scrolls of blinking
 S - 3 scrolls of immolation
Potions
 h - a potion of flight
 j - a potion of brilliance
 m - 2 potions of mutation
 q - 2 potions of heal wounds
 v - 2 potions of lignification
 F - a potion of resistance
 I - 2 potions of haste
 R - 3 potions of curing
 T - a potion of agility
 X - a potion of cancellation
 Y - a potion of might
 Z - a potion of magic
Books
 z - a book of Power

   Spells                             Type                      Level
   a - Iskenderun's Battlesphere      Conjuration/Charms           5
   b - Venom Bolt                     Conjuration/Poison           5
   c - Bolt of Magma                  Conjuration/Fire/Earth       5
   d - Iron Shot                      Conjuration/Earth            6
   e - Orb of Destruction             Conjuration                  7
   f - Spellforged Servitor           Conjuration/Summoning        7
Comestibles
 d - 3 bread rations
 k - 50 fruits
 o - 11 royal jellies
 P - 11 meat rations


   Skills:
 + Level 11.0 Fighting
 - Level 10.0 Short Blades
 - Level 4.9 Armour
 + Level 12.0 Dodging
 + Level 11.7 Stealth
 - Level 5.2 Shields
 + Level 11.4 Spellcasting
 - Level 11.2 Hexes
 + Level 8.9 Invocations


You had 23 spell levels left.
You knew the following spells:

 Your Spells              Type           Power        Failure   Level  Hunger
b - Ensorcelled Hibernat  Hex/Ice        ######       1%          2    None
c - Confuse               Hex            ######..     1%          3    None
d - Tukima's Dance        Hex            ######..     1%          3    None
e - Dazzling Spray        Conj/Hex       #####.       1%          3    None
f - Apportation           Tloc           ##....       5%          1    None


Dungeon Overview and Level Annotations

Branches:
Dungeon (10/15)            Temple (1/1) D:6            Lair (6/6) D:10
 Shoals (0/4) Lair:4        Snake (0/4) Lair:3        Slime (0/5) Lair:5
    Orc (2/2) D:10            Elf (0/3) Orc:2

Altars:
Ashenzari
Cheibriados
Dithmenos
Elyvilon
Fedhas
Gozag
Hepliaklqana
Kikubaaqudgha
Makhleb
Nemelex Xobeh
Okawaru
Qazlal
Ru
Sif Muna
Trog
Uskayaw
Vehumet
Xom
Yredelemnul
Zin
The Shining One
Beogh
Jiyva

Shops:
D:4 ([:[(   Orc:2 }(![

Annotations:
D:6 2 transporters
D:8 spinkules's ghost, novice GrBe


Innate Abilities, Weirdness & Mutations

You are partially covered in large bone plates. (SH +4)
You are partially covered in molten scales. (AC +2)
Your flesh is heat resistant. (rF+)
You do not regenerate when monsters are visible.
Your muscles are strong. (Str +2)


Message History

Aiming: Confuse
Press: ? - help, Shift-Dir - straight line, f/p - four-headed hydra
Aim: a four-headed hydra (chance to defeat MR: 46%)
The four-headed hydra resists with some effort.
The four-headed hydra misses you.
The four-headed hydra closely misses you.
You block the four-headed hydra's attack. x2
The yak snorts and paws the ground.
Casting: Confuse
Confirm with . or Enter, or press ? or * to list all spells.
Aiming: Confuse
Press: ? - help, Shift-Dir - straight line, f/p - four-headed hydra
Aim: a four-headed hydra (chance to defeat MR: 46%)
The four-headed hydra resists with some effort.
The four-headed hydra bites you!
* * * LOW HITPOINT WARNING * * *
The four-headed hydra bites you.
* * * LOW HITPOINT WARNING * * *
The four-headed hydra misses you. The four-headed hydra bites you!
You die...

.#..............#.......##...
##.#..#...k.............#....
..........#......#P....P#...
......#...##....##PP........
.#...#.....#....#......P#...
#.#.##....###...........##.. ###P
##.........###.###.......####....
..<..............#P.Y.......#†...
................@D.Y.Y.......†...
#.#P.#.P......###.P.#..##..P####P
#####.######.## #########.### ###
### ###


You could see a four-headed hydra, 3 yaks and a rime drake (wandering).

Vanquished Creatures
  2 orc warlords (Orc:2)
  Snorg (Orc:2)
  2 ogre magi
  Josephine (Lair:5)
  3 hydras
  An anaconda (Lair:4)
  7 two-headed ogres
  A death yak (Lair:5)
  A wizard (D:10)
  Pikel (D:9)
  The ghost of quacklin the Quickloader, a novice MiHu (D:5)
  4 orc knights (Orc:2)
  2 orc sorcerers (Orc:2)
  A deep elf mage (Orc:2)
  A centaur zombie (D:9)
  12 elephants
  8 black mambas
  2 torpor snails
  3 merfolk sirens (Lair:4)
  2 rime drakes
  16 spiny frogs
  5 komodo dragons
  The ghost of Jannitor the Charmwright, a novice SpSk of Makhleb (D:6)
  A hornet (Lair:6)
  3 trolls
  2 polar bears
  A merfolk (Lair:4)
  A hornet (shapeshifter) (D:10)
  9 blink frogs (Lair:4)
  A dancing weapon (Orc:2)
  2 dream sheep (D:8)
  5 hippogriffs
  2 wyverns
  5 wraiths (Lair:5)
  48 yaks
  2 basilisks
  A steam dragon (D:8)
  A two-headed ogre zombie (D:9)
  5 nagas (Lair:3)
  3 wargs (Orc:2)
  18 water moccasins
  11 porcupines
  A swamp drake (D:10)
  40 orc warriors
  A sky beast (D:9)
  2 eyes of draining
  An ice beast (D:5)
  2 phantoms
  3 black bears
  19 ogres
  3 slaves (D:9)
  36 wolves
  12 centaurs
  9 crocodiles
  7 big kobolds
  9 bullfrogs
  A wyvern skeleton (D:10)
  5 scorpions
  8 killer bees
  An electric eel (Lair:3)
  3 howler monkeys
  4 crimson imps
  4 jellies
  2 quasits
  2 bullfrog zombies (D:9)
  15 orc priests
  3 hounds
  A bullfrog skeleton (D:5)
  A centaur skeleton (D:8)
  An iguana (D:10)
  8 worker ants
  19 orc wizards
  An ogre zombie (D:9)
  A hound zombie (D:8)
  2 hound skeletons
  A worker ant zombie (D:8)
  4 gnolls
  10 adders
  3 shadow imps
  2 oozes (Lair:5)
  An adder skeleton (D:6)
  4 worms (D:2)
  A dart slug (D:2)
  5 leopard geckos
  85 orcs
  5 giant cockroaches
  9 hobgoblins
  12 jackals
  3 quokkas
  A ball python (D:1)
  2 bats
  6 frilled lizards
  8 goblins
  A jackal skeleton (D:6)
  17 kobolds
  A leopard gecko zombie (D:6)
  A quokka skeleton (D:5)
  A quokka zombie (D:7)
  5 rats
  A butterfly (Lair:1)
  A plant (Lair:5)
616 creatures vanquished.

Vanquished Creatures (collateral kills)
  7 two-headed ogres
  3 orc warriors
  5 ogres
  An orc priest (D:9)
  An orc wizard (D:9)
  An orc (Orc:2)
18 creatures vanquished.

Vanquished Creatures (others)
  5 dancing weapons
  5 dream sheep (D:6)
  A slave (D:9)
  5 centaurs
  4 orcs (Orc:2)
  A butterfly (Lair:1)
  10 fungi
  4 plants
35 creatures vanquished.

Grand Total: 669 creatures vanquished

Notes
Turn   | Place    | Note
-------+----------+-------------------------------------------
     0 | D:1      | Jannitor the Deep Elf Enchanter began the quest for the Orb.
     0 | D:1      | Reached XP level 1. HP: 10/10 MP: 6/6
   456 | D:1      | Found a sparkling altar of Nemelex Xobeh.
  1092 | D:2      | Reached XP level 2. HP: 11/15 MP: 6/8
  1365 | D:2      | Learned a level 2 spell: Ensorcelled Hibernation
  1496 | D:2      | Reached skill level 3 in Dodging
  1595 | D:2      | Found a shattered altar of Ashenzari.
  1605 | D:2      | Reached XP level 3. HP: 19/19 MP: 2/9
  1864 | D:2      | Learned a level 3 spell: Confuse
  1924 | D:2      | Found a hazy altar of Hepliaklqana.
  1983 | D:3      | Reached XP level 4. HP: 9/36 MP: 2/11
  2951 | D:2      | Found a stormy altar of Qazlal.
  3117 | D:3      | Learned a level 3 spell: Tukima's Dance
  3139 | D:3      | Reached XP level 5. HP: 40/40 MP: 9/12
  4026 | D:4      | Found Yxutus's Weapon Shop.
  4067 | D:4      | Found Firaes's Book Shoppe.
  4277 | D:4      | Found Cawededi's Armour Emporium.
  4301 | D:4      | Found Neklounk's Antique Weapon Shoppe.
  4303 | D:4      | Noticed an ogre
  4311 | D:4      | Killed an ogre
  4535 | D:4      | Bought a glowing dagger for 120 gold pieces
  4576 | D:4      | Reached XP level 6. HP: 45/45 MP: 14/14
  4849 | D:4      | Found Hariorphosod's Armour Emporium.
  5115 | D:5      | Entered Level 5 of the Dungeon
  5166 | D:5      | Noticed quacklin's ghost (novice MiHu)
  5463 | D:5      | Reached skill level 5 in Hexes
  5746 | D:4      | Noticed an orc warrior
  5766 | D:4      | Killed an orc warrior
  5766 | D:4      | Reached XP level 7. HP: 17/50 MP: 2/15
  5991 | D:5      | Gained mutation: You have sharp fingernails. [potion of mutation]
  5991 | D:5      | Gained mutation: Your flesh is heat resistant. (rF+) [potion of mutation]
  5991 | D:5      | Gained mutation: Your muscles are strong. (Str +2) [potion of mutation]
  6022 | D:6      | Reached skill level 4 in Dodging
  6022 | D:6      | Reached skill level 5 in Stealth
  6099 | D:6      | Learned a level 3 spell: Dazzling Spray
  6679 | D:6      | Reached skill level 5 in Spellcasting
  6691 | D:6      | Found a shimmering altar of Xom.
  6691 | D:6      | Noticed a dream sheep
  6691 | D:6      | Noticed a dream sheep
  6691 | D:6      | Noticed a dream sheep
  6691 | D:6      | Noticed a dream sheep
  6691 | D:6      | Noticed a dream sheep
  6696 | D:6      | Killed a dream sheep
  6696 | D:6      | Killed a dream sheep
  6696 | D:6      | Killed a dream sheep
  6696 | D:6      | Killed a dream sheep
  6696 | D:6      | Killed a dream sheep
  6762 | D:6      | Found a staircase to the Ecumenical Temple.
  6775 | Temple   | Entered the Ecumenical Temple
  6870 | D:6      | Reached XP level 8. HP: 55/55 MP: 12/17
  6949 | D:6      | Noticed Jannitor's ghost (novice SpSk)
  6968 | D:6      | Killed Jannitor's ghost
  6983 | D:6      | Noticed a green ugly thing
  6986 | D:6      | Found a transporter.
  6987 | D:6      | Found a transporter.
  6994 | D:6      | Noticed a troll
  6997 | D:6      | Found a glowing golden altar of the Shining One.
  7434 | D:4      | Bought a polished dagger for 168 gold pieces
  7434 | D:4      | Identified the +8 dagger "Zoac" {speed, rPois rC+ Dex+4 SInv} (You bought it in a shop on level 4 of the Dungeon)
  7696 | D:7      | Found a snail-covered altar of Cheibriados.
  7725 | D:7      | Found an iron altar of Okawaru.
  7730 | D:7      | Reached skill level 5 in Dodging
  7941 | D:7      | Found a radiant altar of Vehumet.
  8177 | D:7      | Reached XP level 9. HP: 60/60 MP: 20/20
  8540 | D:7      | Found an iron altar of Okawaru.
  8764 | D:8      | Found a sacrificial altar of Ru.
  8773 | D:8      | Noticed spinkules's ghost (novice GrBe)
  8856 | D:8      | Reached skill level 6 in Dodging
  9329 | D:8      | Noticed a three-headed hydra
  9339 | D:8      | Killed a three-headed hydra
  9339 | D:8      | Reached XP level 10. HP: 32/65 MP: 12/23
  9536 | D:8      | Reached skill level 5 in Short Blades
  9677 | D:8      | Noticed a two-headed ogre
  9703 | D:8      | Killed a two-headed ogre
  9703 | D:8      | Reached skill level 7 in Dodging
  9851 | D:8      | Found a bloodstained altar of Trog.
 10278 | D:8      | Noticed a two-headed ogre
 10284 | D:8      | Killed a two-headed ogre
 10744 | D:9      | Noticed a two-headed ogre
 10755 | D:9      | Killed a two-headed ogre
 10766 | D:9      | Noticed Pikel
 10870 | D:9      | Gained mutation: You are partially covered in molten scales. (AC +2) [mutagenic meat]
 10871 | D:9      | Gained mutation: You do not regenerate when monsters are visible. [mutagenic meat]
 10872 | D:9      | Lost mutation: You have sharp fingernails. [mutagenic meat]
 10874 | D:9      | Gained mutation: You are partially covered in large bone plates. (SH +4) [mutagenic meat]
 10877 | D:9      | Killed Pikel
 10877 | D:9      | Reached skill level 8 in Dodging
 11048 | D:9      | Reached XP level 11. HP: 61/69 MP: 20/25
 11359 | D:9      | HP: 3/69 [orc priest/divine providence (10)]
 11361 | D:9      | HP: 1/69 [orc warrior (17)]
 11726 | D:9      | Learned a level 1 spell: Apportation
 11843 | D:9      | Found a hide-covered altar of Uskayaw.
 11854 | D:9      | Noticed a dagger
 11855 | D:9      | Noticed a hand axe
 11859 | D:9      | Became a worshipper of Uskayaw the Reveler
 12007 | D:9      | Reached * piety under Uskayaw
 12035 | D:9      | Noticed a two-headed ogre
 12045 | D:9      | Killed a two-headed ogre
 12050 | D:9      | Noticed a two-headed ogre
 12054 | D:9      | Killed a two-headed ogre
 12062 | D:9      | Noticed a two-headed ogre
 12074 | D:9      | Killed a two-headed ogre
 12145 | D:9      | Noticed a two-headed ogre
 12158 | D:9      | Killed a two-headed ogre
 12158 | D:9      | Reached skill level 9 in Dodging
 12248 | D:9      | Reached ** piety under Uskayaw
 12287 | D:9      | Noticed an ogre mage
 12287 | D:9      | Noticed a two-headed ogre
 12288 | D:9      | Noticed a two-headed ogre
 12523 | D:9      | Killed a two-headed ogre
 12523 | D:9      | Reached skill level 10 in Stealth
 12523 | D:9      | Reached skill level 10 in Hexes
 12538 | D:9      | Reached *** piety under Uskayaw
 12543 | D:9      | Reached **** piety under Uskayaw
 12546 | D:9      | Reached ***** piety under Uskayaw
 12547 | D:9      | Killed an ogre mage
 12777 | D:9      | Killed a two-headed ogre
 13015 | D:9      | Found a blossoming altar of Fedhas.
 13108 | D:10     | Entered Level 10 of the Dungeon
 13115 | D:10     | Noticed a two-headed ogre
 13130 | D:10     | Killed a two-headed ogre
 13130 | D:10     | Reached skill level 1 in Invocations
 13402 | D:10     | Found a staircase to the Lair.
 13537 | D:10     | Found a staircase to the Orcish Mines.
 13816 | D:10     | Found a white marble altar of Elyvilon.
 13847 | D:10     | Reached XP level 12. HP: 28/76 MP: 6/27
 14173 | D:10     | Reached skill level 10 in Dodging
 14709 | Lair:1   | Entered Level 1 of the Lair of Beasts
 15372 | Lair:1   | Reached skill level 1 in Armour
 15468 | Lair:1   | Noticed an eight-headed hydra
 15501 | Lair:1   | Killed an eight-headed hydra
 15754 | Lair:1   | Reached skill level 1 in Shields
 17486 | D:5      | Killed quacklin's ghost
 17576 | D:4      | Bought the -2 hat of the Alchemist {rElec rPois rF+ rC+ rN+ MR+ rMut rCorr} for 613 gold pieces
 18653 | Lair:3   | Found a staircase to the Snake Pit.
 18669 | Lair:3   | Reached XP level 13. HP: 74/81 MP: 15/28
 18764 | Lair:3   | Reached skill level 5 in Invocations
 18779 | Lair:3   | Reached ****** piety under Uskayaw
 19856 | Lair:4   | Reached skill level 10 in Fighting
 20429 | Lair:4   | Reached skill level 5 in Shields
 20604 | Lair:4   | Found a staircase to the Shoals.
 21316 | Lair:5   | Found a runed door.
 21317 | Lair:5   | Found a viscous altar of Jiyva.
 21321 | Lair:5   | Found a staircase to the Slime Pits.
 21474 | Lair:5   | Found a basalt altar of Yredelemnul.
 21656 | Lair:5   | Noticed Josephine
 21734 | Lair:5   | Killed Josephine
 21734 | Lair:5   | Reached skill level 10 in Spellcasting
 21734 | Lair:5   | Reached XP level 14. HP: 81/88 MP: 1/30
 22152 | Lair:6   | Entered Level 6 of the Lair of Beasts
 22919 | Orc:1    | Entered Level 1 of the Orcish Mines
 22932 | Orc:1    | Reached skill level 11 in Dodging
 23277 | Orc:2    | Entered Level 2 of the Orcish Mines
 23330 | Orc:1    | Found a roughly hewn altar of Beogh.
 23365 | Orc:2    | Noticed an orc warlord
 23369 | Orc:2    | Noticed Snorg
 23375 | Orc:2    | Killed an orc warlord
 23378 | Orc:2    | Reached skill level 10 in Short Blades
 23381 | Orc:2    | Killed Snorg
 23459 | Orc:2    | Found a staircase to the Elven Halls.
 25240 | Orc:2    | Noticed an orc warlord
 25258 | Orc:2    | Found Juots's Weapon Emporium.
 25258 | Orc:2    | Found Zyiga's Distillery.
 25260 | Orc:2    | Found Duxene Nimu's Antique Armour Boutique.
 25262 | Orc:2    | Found Xocoim's Gadget Shoppe.
 25274 | Orc:2    | Bought a potion of heal wounds for 80 gold pieces
 25274 | Orc:2    | Bought a potion of agility for 64 gold pieces
 25274 | Orc:2    | Bought a potion of might for 64 gold pieces
 25276 | Orc:2    | Bought a translucent hat for 234 gold pieces
 25306 | Orc:2    | Killed an orc warlord
 25976 | Orc:2    | Identified the +2 hat "Oloa" {rPois SInv} (You bought it in a shop on level 2 of the Orcish Mines)
 26833 | Lair:6   | Reached skill level 12 in Dodging
 26853 | Lair:6   | Slain by a four-headed hydra

Skill      XL: |  1  2  3  4  5  6  7  8  9 10 11 12 13 14 |
---------------+-------------------------------------------+-----
Dodging        | 3 4 5 6 8 9 10 12 | 12.0
Fighting       | 8 9 10 11 | 11.0
Stealth        | 4 5 6 8 9 10 11 | 11.7
Short Blades   | 2 3 4 6 7 8 9 10 | 10.0
Spellcasting   | 4 5 6 7 8 9 10 11 | 11.4
Hexes          | 5 6 8 9 10 11 | 11.2
Invocations    | 1 4 7 8 |  8.9
Armour         | 2 4 |  4.9
Shields        | 3 5 |  5.2

Action                   |  1- 3 |  4- 6 |  7- 9 | 10-12 | 13-15 || total
-------------------------+-------+-------+-------+-------+-------++-------
Melee: Dagger            |    55 |   111 |   161 |   366 |   677 ||  1370
 Cast: Corona            |     6 |       |       |       |       ||     6
       Ensorcelled Hiber |    17 |    57 |    46 |   137 |   120 ||   377
       Confuse           |     2 |    15 |    14 |    29 |    77 ||   137
       Tukima's Dance    |       |     4 |       |    27 |    23 ||    54
       Dazzling Spray    |       |       |     8 |    36 |    48 ||    92
  Use: Potion            |     2 |     3 |     2 |     4 |     1 ||    12
       Scroll            |       |       |     5 |    13 |    15 ||    33
 Stab: Sleeping          |    16 |    48 |    49 |    96 |    99 ||   308
       Invisible         |     1 |     2 |     2 |     7 |    15 ||    27
       Confused          |       |     3 |     9 |    13 |    32 ||    57
       Distracted        |       |       |     1 |     5 |     1 ||     7
       Paralysed         |       |       |     1 |    26 |    31 ||    58
  Eat: Chunk             |     4 |    14 |     7 |    23 |    26 ||    74
       Bread ration      |       |     1 |     1 |     1 |       ||     3
       Meat ration       |       |       |       |     1 |       ||     1
Armor: Robe              |     8 |    12 |    14 |     9 |       ||    43
       Leather armour    |       |       |       |    30 |    36 ||    66
Dodge: Dodged            |    30 |    64 |    99 |   240 |   241 ||   674
Block: Other             |       |       |       |    94 |       ||    94
       Reflection        |       |       |       |     2 |    46 ||    48
       Buckler           |       |       |       |    27 |   286 ||   313
